 Dungeon Crawl Stone Soup version 0.13-a0-2202-g857913d (webtiles) character file.

317 Kae the Firebug (level 5, -2/28 HPs)
             Began as a Tengu Fire Elementalist on July 2, 2013.
             Slain by a hobgoblin
             ... wielding a +0,+0 club
              (5 damage)
             ... on Level 3 of the Dungeon.
             The game lasted 00:02:46 (1895 turns).

Kae the Firebug (Tengu Fire Elementalist)           Turns: 1895, Time: 00:02:47

HP  -2/28        AC  2     Str  9      XL: 5   Next: 66%
MP  10/11        EV 12     Int 16      God:
Gold 130         SH  0     Dex 14      Spells:  1 memorised,  7 levels left

Res.Fire  : . . .   See Invis. : .   q - +4,+1 dagger (elec)
Res.Cold  : . . .   Warding    : .   a - +0 robe
Life Prot.: . . .   Conserve   : .   (no shield)
Res.Poison: .       Res.Corr.  : .   (helmet restricted)
Res.Elec. : .       Clarity    : .   (no cloak)
Sust.Abil.: . .     Spirit.Shd : .   (no gloves)
Res.Mut.  : .       Stasis     : .   (boots unavailable)
Res.Rott. : .       Flight     : .   (no amulet)
Saprovore : . . .                    (no ring)
                                     (no ring)

@: slightly resistant to hostile enchantments, fairly stealthy
A: able to fly, beak, talons 3
a: Fly


You were on level 3 of the Dungeon.
You were hungry.

You visited 1 branch of the dungeon, and saw 3 of its levels.

You collected 110 gold pieces.

Inventory:

Hand weapons
 q - a +4,+1 dagger of electrocution (weapon)
Armour
 a - a +0 robe (worn)
Comestibles
 c - 4 bread rations
 i - 3 meat rations
Scrolls
 d - 2 scrolls of remove curse {unknown}
 f - a scroll of enchant armour {unknown}
 g - a scroll of enchant weapon II {unknown}
 h - a scroll of fog {unknown}
 k - a scroll of identify {unknown}
 m - 2 scrolls of amnesia {unknown}
 n - a scroll of random uselessness {unknown}
 p - a scroll of teleportation {unknown}
Potions
 e - a potion of might {unknown}
 j - a potion of resistance {unknown}
 l - 3 potions of curing {unknown}
Books
 b - a book of Flames

   Spells                             Type                      Level
   *Flame Tongue                      Conjuration/Fire             1
   Throw Flame                        Conjuration/Fire             2
   Conjure Flame                      Conjuration/Fire             3
   Inner Flame                        Hexes/Fire                   3
   Sticky Flame                       Conjuration/Fire             4
   Fireball                           Conjuration/Fire             5


   Skills:
 - Level 2.1 Dodging
 - Level 2.0 Stealth
 + Level 2.2 Spellcasting
 * Level 4.7 Conjurations
 * Level 5.0 Fire Magic


You had 7 spell levels left.
You knew the following spells:

 Your Spells              Type           Power        Failure   Level  Hunger
a - Flame Tongue          Conj/Fire      ###..        3%          1    #......


Dungeon Overview and Level Annotations

Branches:
Dungeon (3/27)

Altars:
Okawaru


Innate Abilities, Weirdness & Mutations

You can fly.
You have a beak for a mouth.
You have claws for feet.


Message History

Aim: a gnoll, wielding a spear (lightly wounded)
The flame hits the gnoll.
The gnoll is severely wounded.
The gnoll hits you from afar with a halberd.
* * * LOW HITPOINT WARNING * * *
The gnoll hits you from afar with a spear!
* * * LOW HITPOINT WARNING * * *
Things that are here:
a kobold skeleton; a short sword; 2 chunks of kobold flesh
Things that are here:
a whip; a gnoll corpse You see here a porcupine skeleton.
You see here a leather armour.
A hobgoblin comes into view. It is wielding a club.
The gnoll throws an orcish club.
The orcish club misses you.
The orcish club hits the plant.
Found 29 sling bullets.
A goblin comes into view. It is wielding a dagger.
The hobgoblin hits you with a club.
You die...

g.. [.... ... ... ♣♣
... ..#♣PPPP♣♣ #.#
.......♣ #.# ♣.).P.♣
#.# ♣♣♣♣♣####
#@#########..[.%)%
#.g♣.♣##.#...♣..♣#
#♣♣.g♣g♣P...♣♣.PP♣P
♣P♣♣♣♣.P.PP♣..♣♣♣P.
#P§§♣♣♣P.g.♣..PP♣P...
#♣.♣♣.♣.♣..♣P♣......P
.P♣ ♣.PP♣.♣♣♣P.♣..P..
♣P(
♣P.♣.♣♣.♣PPP.♣..!#
♣PP♣w♣P.♣.P♣.P♣......


You could see 3 gnolls, a hobgoblin and a goblin (sleeping).

Vanquished Creatures
  A porcupine (D:3)
  Ijyb (D:3)
  Jessica (D:2)
  2 adders (D:2)
  A gnoll (D:3)
  An inept feature mimic (D:2)
  An ooze (D:2)
  4 giant cockroaches
  5 goblins
  4 hobgoblins
  A quokka (D:2)
  2 ball pythons
  5 bats
  A giant newt (D:2)
  3 kobolds
  5 rats
38 creatures vanquished.

Notes
Turn   | Place    | Note
--------------------------------------------------------------
     0 | D:1      | Kae, the Tengu Fire Elementalist, began the quest for the Orb.
     0 | D:1      | Reached XP level 1. HP: 10/10 MP: 3/3
   195 | D:1      | Reached XP level 2. HP: 12/15 MP: 5/5
  1043 | D:2      | Reached XP level 3. HP: 11/19 MP: 1/7
  1279 | D:2      | Reached skill level 4 in Fire Magic
  1323 | D:2      | Noticed Jessica
  1329 | D:2      | Killed Jessica
  1329 | D:2      | Reached XP level 4. HP: 18/24 MP: 6/8
  1512 | D:3      | Noticed a porcupine
  1544 | D:3      | Noticed Ijyb
  1547 | D:3      | Killed Ijyb
  1549 | D:3      | Noticed a porcupine
  1805 | D:3      | Noticed a porcupine
  1814 | D:3      | Killed a porcupine
  1814 | D:3      | Reached skill level 5 in Fire Magic
  1814 | D:3      | Reached XP level 5. HP: 26/28 MP: 7/11
  1873 | D:3      | Found an iron altar of Okawaru.
  1876 | D:3      | HP: 1/28 [gnoll/spear (7)]
  1895 | D:3      | Slain by a hobgoblin

Action                   |  1- 3 |  4- 6 || total
-------------------------+-------+-------++-------
Melee: Unarmed           |    42 |       ||    42
       Dagger            |       |     7 ||     7
 Cast: Flame Tongue      |    29 |    21 ||    50
 Stab: Sleeping          |     1 |     1 ||     2
